ANAHEIM Ducks vs MINNESOTA Wild

Created - 11 mars 2024 at 20:37

Goals
1 2 3 T
ANAHEIM Ducks 0 3 1 4
MINNESOTA Wild 0 1 1 2
Shots
1 2 3 T
ANAHEIM Ducks 4 8 9 21
MINNESOTA Wild 10 10 6 26

1st period

No Goal

Penalties :
Martin Necas (MIN) for Tripping (Minor) at 1:57, Justin Holl (ANA) for Tripping (Minor) at 1:57, Caleb Jones (MIN) for Holding (Minor) at 3:58, Morgan Rielly (MIN) for Roughing (Minor) at 12:29, Justin Holl (ANA) for Tripping (Minor) at 15:49

2nd period

1. MINNESOTA Wild , Anton Lundell 2 (Denis Malgin 3, Caleb Jones 10) at 4:17
2. ANAHEIM Ducks , Nathan MacKinnon 22 (MacKenzie Weegar 33, Seth Jones 25) at 11:07 (PP)
3. ANAHEIM Ducks , Joel Farabee 9 (Brett Pesce 22, Chandler Stephenson 33) at 12:30 (PP)
4. ANAHEIM Ducks , Chandler Stephenson 13 (Mark Giordano 25, Elias Lindholm 31) at 15:53

Penalties :
Caleb Jones (MIN) for Roughing (Minor) at 2:07, Seth Jones (ANA) for High sticking (Minor) at 8:41, Caleb Jones (MIN) for Hooking (Minor) at 10:47, Martin Necas (MIN) for Roughing (Minor) at 12:02, MacKenzie Weegar (ANA) for Slashing (Minor) at 16:34

3rd period

5. MINNESOTA Wild , Martin Necas 19 (Alexandre Carrier 23, Morgan Rielly 32) at 0:54 (PP)
6. ANAHEIM Ducks , Chandler Stephenson 14 (Joel Farabee 8, Elias Lindholm 32) at 7:51

Penalties :
MacKenzie Weegar (ANA) for Tripping (Minor) at 0:16, Mattias Ekholm (MIN) for Interference (Minor) at 3:47, Martin Necas (MIN) for Tripping (Minor) at 8:46, Seth Jones (ANA) for Roughing (Minor) at 14:00, Alexandre Carrier (MIN) for Tripping (Minor) at 19:14

Goalie Stats

Philipp Grubauer (ANA), 24 saves from 26 shots - (0,923), W, 25-18-0, 60:00 minutes
Ilya Samsonov (MIN), 17 saves from 21 shots - (0,810), L, 29-16-4, 60:00 minutes

Players Stats for ANAHEIM Ducks

Player Name              G  A  P  +/- PIM S  H  SB GA TA FO     MP     PP MP  PK MP  
------------------------------------------------------------------------------------
Brayden Point            0  0  0   0  0   6  0  0  0  0  11/25  18:45   5:10   1:02 
Brett Pesce              0  1  1   0  0   0  2  1  0  0  0/0    24:05   5:33   4:17 
Chandler Stephenson      2  1  3   2  0   2  2  0  0  0  2/2    21:51   5:09   4:48 
David Kampf              0  0  0  -1  0   0  1  1  0  0  7/12   12:52   0:00   2:44 
Derick Brassard          0  0  0   0  0   0  0  0  0  0  0/0     6:15   0:00   1:02 
Elias Lindholm           0  2  2   2  0   2  1  1  0  0  12/28  21:54   5:09   4:48 
Jeff Carter              0  0  0  -1  0   1  0  0  0  0  2/2    14:08   1:09   2:44 
Joel Farabee             1  1  2   2  0   1  1  0  0  0  0/2    16:05   5:09   0:00 
Justin Holl              0  0  0   0  4   1  1  0  0  0  0/0    14:58   0:00   3:01 
MacKenzie Weegar         0  1  1   0  4   5  1  1  0  0  0/0    21:44   5:55   1:36 
Mark Giordano            0  1  1   1  0   0  1  1  0  0  0/0    20:38   5:33   1:21 
Nathan MacKinnon         1  0  1   0  0   1  3  0  0  0  0/0    19:22   6:19   0:20 
Nic Dowd                 0  0  0   0  0   1  0  0  0  0  2/6     5:13   0:00   0:00 
Nick Paul                0  0  0   0  0   0  1  0  0  0  1/3    18:01   6:19   0:00 
Patrick Maroon           0  0  0   0  0   0  0  0  0  0  0/0     5:13   0:00   0:00 
Ryan Lindgren            0  0  0   1  0   0  3  4  0  0  0/0    19:37   0:00   5:05 
Seth Jones               0  1  1   0  4   1  1  0  0  0  0/0    18:32   5:55   1:28 
Warren Foegele           0  0  0  -1  0   0  1  0  0  0  0/0    10:08   0:00   0:00 

Players Stats for MINNESOTA Wild

Player Name              G  A  P  +/- PIM S  H  SB GA TA FO     MP     PP MP  PK MP  
------------------------------------------------------------------------------------
Alex Pietrangelo         0  0  0  -1  0   1  3  1  0  0  0/0    25:16   3:58   5:14 
Alexandre Carrier        0  1  1  -1  2   1  1  1  0  0  0/0    22:08   4:32   5:37 
Anton Lundell            1  0  1   1  0   2  0  0  0  0  3/6     8:35   0:00   3:21 
Caleb Jones              0  1  1   1  6   0  1  0  0  0  0/0    13:45   0:04   1:50 
Denis Malgin             0  1  1   1  0   1  0  0  0  0  0/0     5:14   0:00   0:00 
J.T. Miller              0  0  0   0  0   2  1  0  0  0  21/39  24:54   4:03   7:47 
Kevin Fiala              0  0  0  -1  0   2  2  0  0  0  1/1    17:50   4:31   0:00 
Martin Necas             1  0  1  -1  6   3  1  0  0  0  1/2    16:57   4:31   0:00 
Mathieu Joseph           0  0  0   1  0   0  0  0  0  0  0/0     5:14   0:00   0:00 
Mattias Ekholm           0  0  0  -1  2   2  1  0  0  0  0/0    24:09   3:58   4:08 
Morgan Rielly            0  1  1  -1  2   1  2  1  0  0  0/0    21:48   4:32   5:17 
Nikita Kucherov          0  0  0   0  0   3  0  0  0  0  0/0    17:07   4:03   0:00 
Robert Thomas            0  0  0  -1  0   6  0  0  0  0  15/25  21:11   4:31   3:21 
Taylor Hall              0  0  0  -1  0   0  0  0  0  0  0/0     8:21   0:00   0:00 
Trevor Moore             0  0  0  -1  0   1  0  0  0  0  1/1     9:11   0:00   0:50 
Tyler Toffoli            0  0  0   0  0   0  1  0  0  0  0/1    15:58   4:03   0:00 
Yanni Gourde             0  0  0  -1  0   1  0  0  0  0  1/5    15:58   0:00   7:37 
Zach Werenski            0  0  0   1  0   0  1  1  0  0  0/0    12:48   0:04   0:50 

3 Stars

1 - Chandler Stephenson (ANA)
2 - Joel Farabee (ANA)
3 - Elias Lindholm (ANA)

Power Play

ANAHEIM Ducks - 2 on 8 Attempt(s) - 25,00%
MINNESOTA Wild - 1 on 5 Attempt(s) - 20,00%

Penalty Kill

ANAHEIM Ducks - 4 on 5 Attempt(s) - 80,00% - Score 0 goal in Penalty Kill
MINNESOTA Wild - 6 on 8 Attempt(s) - 75,00% - Score 0 goal in Penalty Kill

Team Stat

ANAHEIM Ducks - Hits : 19 - Faceoff Wins : 37 - Blocked Shots : 9 - Penalty Minutes : 12
MINNESOTA Wild - Hits : 14 - Faceoff Wins : 43 - Blocked Shots : 4 - Penalty Minutes : 18

Official

Referees : Pierre Lambert and Graham Skilliter
Linesman : C.J. Murray and Cassandra Gregory

Game Notes

No Game Note

Finance

Level 1 -- Attendance: 4930 (75,85%) -- Ticket Income $502,860
Level 2 -- Attendance: 3672 (61,20%) -- Ticket Income $223,992
Level 3 -- Attendance: 1928 (64,27%) -- Ticket Income $65,552
Level 4 -- Attendance: 2938 (73,45%) -- Ticket Income $73,450
Luxury Box -- Attendance: 810 (81,00%) -- Ticket Income $166,860
Game was played at the Xcel Energy Center.
Total Attendance: 14278 (69,65%)
Total Ticket Income: $1,032,714
Other Income: $258,178
Total Income: $1,290,892

ANAHEIM Ducks

5 vs 5 Forward 
   Center                   Left Wing                Right Wing               Time % Phy DF OF 
 1 Brayden Point            Nick Paul                Nathan MacKinnon         35     0   2  3  
 2 Elias Lindholm           Chandler Stephenson      Joel Farabee             35     0   2  3  
 3 David Kampf              Warren Foegele           Jeff Carter              20     1   2  2  
 4 Nic Dowd                 Derick Brassard          Patrick Maroon           10     1   3  1  

5 vs 5 Defense 
   Defense                  Defense                                           Time % Phy DF OF 
 1 Brett Pesce              MacKenzie Weegar                                  40     1   2  2  
 2 Mark Giordano            Ryan Lindgren                                     35     1   2  2  
 3 Justin Holl              Seth Jones                                        20     2   2  1  
 4 Brett Pesce              MacKenzie Weegar                                  5      2   2  1  

PowerPlay Forward 
   Center                   Left Wing                Right Wing               Time % Phy DF OF 
 1 Brayden Point            Nick Paul                Nathan MacKinnon         60     0   1  4  
 2 Elias Lindholm           Chandler Stephenson      Joel Farabee             40     0   1  4  

PowerPlay Defense
   Defense                  Defense                                           Time % Phy DF OF 
 1 Seth Jones               MacKenzie Weegar                                  60     0   1  4  
 2 Mark Giordano            Brett Pesce                                       40     0   1  4  

Penalty Kill 4 Players Forward 
   Center                   Wing                     Time % Phy DF OF 
 1 Elias Lindholm           Chandler Stephenson      60     1   3  1  
 2 Jeff Carter              David Kampf              40     1   3  1  

Penalty Kill 4 Players Defense
   Defense                  Defense                  Time % Phy DF OF 
 1 Brett Pesce              Ryan Lindgren            60     1   3  1  
 2 MacKenzie Weegar         Justin Holl              40     1   3  1  

Penalty Kill - 3 Players Forward 
   Forward                                           Time % Phy DF OF 
 1 Elias Lindholm                                    60     1   4  0  
 2 Chandler Stephenson                               40     1   4  0  

Penalty Kill - 3 Players Defense
   Defense                  Defense                  Time % Phy DF OF 
 1 Brett Pesce              Ryan Lindgren            60     1   4  0  
 2 MacKenzie Weegar         Justin Holl              40     1   4  0  

4 vs 4 Forward 
   Center                   Wing                     Time % Phy DF OF 
 1 Elias Lindholm           Nathan MacKinnon         60     1   2  2  
 2 Chandler Stephenson      Brayden Point            40     1   2  2  

4 vs 4 Defense
   Defense                  Defense                  Time % Phy DF OF 
 1 MacKenzie Weegar         Brett Pesce              60     1   2  2  
 2 Mark Giordano            Ryan Lindgren            40     1   2  2  

Last Minutes Offensive
   Center                   Left Wing                Right Wing               Defense                  Defense                  
   Elias Lindholm           Brayden Point            Nathan MacKinnon         Seth Jones               MacKenzie Weegar         

Last Minutes Defensive
   Center                   Left Wing                Right Wing               Defense                  Defense                  
   Elias Lindholm           Chandler Stephenson      David Kampf              Ryan Lindgren            Brett Pesce              

Goaltenders
Starting : Philipp Grubauer         
Backup : Brian Elliott            

Extra Forwards
Normal : Jeff Carter, Nick Paul, Joel Farabee - PP : Jeff Carter, Nick Paul - PK : Jeff Carter
Extra Defensemen
Normal : Brett Pesce, Justin Holl, Ryan Lindgren - PP : Brett Pesce - PK : Brett Pesce, Justin Holl
Penalty Shots
Nathan MacKinnon, Brayden Point, Elias Lindholm, Chandler Stephenson, Nick Paul

Scratches
None

MINNESOTA Wild

5 vs 5 Forward 
   Center                   Left Wing                Right Wing               Time % Phy DF OF 
 1 J.T. Miller              Tyler Toffoli            Nikita Kucherov          40     1   2  2  
 2 Robert Thomas            Kevin Fiala              Martin Necas             32     1   2  2  
 3 Yanni Gourde             Taylor Hall              Trevor Moore             20     1   2  2  
 4 Anton Lundell            Mathieu Joseph           Denis Malgin             8      1   3  1  

5 vs 5 Defense 
   Defense                  Defense                                           Time % Phy DF OF 
 1 Alex Pietrangelo         Mattias Ekholm                                    40     1   2  2  
 2 Morgan Rielly            Alexandre Carrier                                 32     1   3  1  
 3 Zach Werenski            Caleb Jones                                       20     1   3  1  
 4 Alex Pietrangelo         Mattias Ekholm                                    8      1   2  2  

PowerPlay Forward 
   Center                   Left Wing                Right Wing               Time % Phy DF OF 
 1 J.T. Miller              Tyler Toffoli            Nikita Kucherov          60     1   1  3  
 2 Robert Thomas            Kevin Fiala              Martin Necas             40     1   1  3  

PowerPlay Defense
   Defense                  Defense                                           Time % Phy DF OF 
 1 Alex Pietrangelo         Mattias Ekholm                                    60     1   2  2  
 2 Morgan Rielly            Alexandre Carrier                                 40     1   2  2  

Penalty Kill 4 Players Forward 
   Center                   Wing                     Time % Phy DF OF 
 1 J.T. Miller              Yanni Gourde             60     1   3  1  
 2 Anton Lundell            Robert Thomas            40     1   3  1  

Penalty Kill 4 Players Defense
   Defense                  Defense                  Time % Phy DF OF 
 1 Alex Pietrangelo         Mattias Ekholm           60     1   3  1  
 2 Morgan Rielly            Alexandre Carrier        40     1   3  1  

Penalty Kill - 3 Players Forward 
   Forward                                           Time % Phy DF OF 
 1 J.T. Miller                                       60     1   3  1  
 2 Yanni Gourde                                      40     1   3  1  

Penalty Kill - 3 Players Defense
   Defense                  Defense                  Time % Phy DF OF 
 1 Alex Pietrangelo         Mattias Ekholm           60     1   3  1  
 2 Morgan Rielly            Alexandre Carrier        40     1   3  1  

4 vs 4 Forward 
   Center                   Wing                     Time % Phy DF OF 
 1 J.T. Miller              Nikita Kucherov          60     1   2  2  
 2 Robert Thomas            Kevin Fiala              40     1   2  2  

4 vs 4 Defense
   Defense                  Defense                  Time % Phy DF OF 
 1 Alex Pietrangelo         Mattias Ekholm           60     1   2  2  
 2 Morgan Rielly            Alexandre Carrier        40     1   2  2  

Last Minutes Offensive
   Center                   Left Wing                Right Wing               Defense                  Defense                  
   J.T. Miller              Tyler Toffoli            Nikita Kucherov          Alex Pietrangelo         Mattias Ekholm           

Last Minutes Defensive
   Center                   Left Wing                Right Wing               Defense                  Defense                  
   J.T. Miller              Yanni Gourde             Robert Thomas            Alex Pietrangelo         Mattias Ekholm           

Goaltenders
Starting : Ilya Samsonov            
Backup : Jack Campbell            

Extra Forwards
Normal : Trevor Moore, Anton Lundell, Mathieu Joseph - PP : Taylor Hall, Yanni Gourde - PK : Trevor Moore
Extra Defensemen
Normal : Zach Werenski, Caleb Jones, Alexandre Carrier - PP : Zach Werenski - PK : Caleb Jones, Zach Werenski
Penalty Shots
Nikita Kucherov, Tyler Toffoli, J.T. Miller, Kevin Fiala, Martin Necas

Scratches
None


% Time on Ice - ANAHEIM Ducks

Lines # - Real PCT - Wanted PCT - Time Play
Normal Forward
1 - 31% - 35% - 11:42
2 - 29% - 35% - 10:56
3 - 27% - 20% - 10:08
4 - 14% - 10% - 5:13
Normal Defense
1 - 35% - 40% - 13:14
2 - 36% - 35% - 13:34
3 - 29% - 20% - 11:11
4 - 0% - 5% - 0:00
PP Forward
1 - 55% - 60% - 6:19
2 - 45% - 40% - 5:09
PP Defense
1 - 52% - 60% - 5:55
2 - 48% - 40% - 5:33
PK Forward
1 - 68% - 60% - 5:50
2 - 32% - 40% - 2:44
PK Defense
1 - 59% - 60% - 5:05
2 - 41% - 40% - 3:29
PK3 Forward
1 - 0% - 60%
2 - 0% - 40%
PK3 Defense
1 - 0% - 60%
2 - 0% - 40%
44 Forward
1 - 51% - 60% - 1:01
2 - 49% - 40% - 0:58
44 Defense
1 - 51% - 60% - 1:01
2 - 49% - 40% - 0:58
Last Minute Offensive  - 0:00
Last Minute Defensive  - 0:00
Total
Forward - 60:00
Defense - 60:00

% Time on Ice - MINNESOTA Wild

Lines # - Real PCT - Wanted PCT - Time Play
Normal Forward
1 - 31% - 40% - 11:55
2 - 33% - 32% - 12:29
3 - 22% - 20% - 8:21
4 - 14% - 8% - 5:14
Normal Defense
1 - 39% - 40% - 14:55
2 - 29% - 32% - 11:10
3 - 31% - 20% - 11:54
4 - 0% - 8% - 0:00
PP Forward
1 - 47% - 60% - 4:03
2 - 53% - 40% - 4:31
PP Defense
1 - 47% - 60% - 4:02
2 - 53% - 40% - 4:32
PK Forward
1 - 71% - 60% - 8:07
2 - 29% - 40% - 3:21
PK Defense
1 - 46% - 60% - 5:14
2 - 54% - 40% - 6:14
PK3 Forward
1 - 0% - 60%
2 - 0% - 40%
PK3 Defense
1 - 0% - 60%
2 - 0% - 40%
44 Forward
1 - 58% - 60% - 1:09
2 - 42% - 40% - 0:50
44 Defense
1 - 58% - 60% - 1:09
2 - 42% - 40% - 0:50
Last Minute Offensive  - 0:00
Last Minute Defensive  - 0:00
Total
Forward - 60:00
Defense - 60:00

Play-by-Play

1st period


0:01 of 1st period - J.T. Miller wins face-off versus Brayden Point in neutral zone.
0:03 of 1st period - Mattias Ekholm is hit by Nick Paul and loses puck.
0:25 of 1st period - Off-side.
0:26 of 1st period - Robert Thomas wins face-off versus Elias Lindholm in neutral zone.
0:37 of 1st period - Shot by Chandler Stephenson.
0:37 of 1st period - Shot Blocked by Alexandre Carrier.
0:39 of 1st period - Shot by Chandler Stephenson.
0:39 of 1st period - Shot Misses the Net.
0:41 of 1st period - Shot by Ryan Lindgren.
0:41 of 1st period - Shot Hit the Post.
0:47 of 1st period - Shot by Robert Thomas.
0:47 of 1st period - Shot Misses the Net.
0:49 of 1st period - Shot by Alexandre Carrier.
0:49 of 1st period - Shot Blocked by Mark Giordano.
0:51 of 1st period - Shot by Alexandre Carrier.
0:51 of 1st period - Shot Misses the Net.
0:53 of 1st period - Shot by Robert Thomas.
0:53 of 1st period - Stopped by Philipp Grubauer without a rebound.
0:54 of 1st period - David Kampf wins face-off versus Yanni Gourde in ANAHEIM Ducks zone.
1:52 of 1st period - Tyler Toffoli is hit by Seth Jones and loses puck.
1:56 of 1st period - Icing by David Kampf.
1:57 of 1st period - Robert Thomas wins face-off versus David Kampf in ANAHEIM Ducks zone.
1:57 of 1st period - Minor Penalty to Martin Necas for Tripping.
1:57 of 1st period - Minor Penalty to Justin Holl for Tripping.
1:58 of 1st period - J.T. Miller wins face-off versus Elias Lindholm in ANAHEIM Ducks zone.
2:19 of 1st period - Shot by Alex Pietrangelo.
2:19 of 1st period - Shot Blocked by Brett Pesce.
2:22 of 1st period - Icing by Brett Pesce.
2:23 of 1st period - Elias Lindholm wins face-off versus Robert Thomas in ANAHEIM Ducks zone.
2:50 of 1st period - Shot by Nathan MacKinnon.
2:50 of 1st period - Shot Misses the Net.
3:41 of 1st period - Ryan Lindgren is hit by Alex Pietrangelo.
3:49 of 1st period - Ryan Lindgren is hit by J.T. Miller and loses puck.
3:58 of 1st period - Minor Penalty to Caleb Jones for Holding.
3:59 of 1st period - Jeff Carter wins face-off versus J.T. Miller in MINNESOTA Wild zone.
5:05 of 1st period - Anton Lundell is hit by Chandler Stephenson and loses puck.
5:20 of 1st period - Morgan Rielly is hit by Joel Farabee and loses puck.
5:41 of 1st period - Shot by Brayden Point.
5:41 of 1st period - Stopped by Ilya Samsonov without a rebound.
5:42 of 1st period - J.T. Miller wins face-off versus Brayden Point in MINNESOTA Wild zone.
5:51 of 1st period - Shot by Seth Jones.
5:51 of 1st period - Stopped by Ilya Samsonov without a rebound.
5:52 of 1st period - J.T. Miller wins face-off versus Elias Lindholm in MINNESOTA Wild zone.
6:17 of 1st period - Shot by Anton Lundell.
6:17 of 1st period - Stopped by Philipp Grubauer with a rebound.
6:19 of 1st period - Shot by Zach Werenski.
6:19 of 1st period - Shot Misses the Net.
6:21 of 1st period - Shot by Denis Malgin.
6:21 of 1st period - Shot Misses the Net.
6:23 of 1st period - Shot by Anton Lundell.
6:23 of 1st period - Shot Misses the Net.
6:25 of 1st period - Shot by Denis Malgin.
6:25 of 1st period - Stopped by Philipp Grubauer without a rebound.
6:26 of 1st period - Jeff Carter wins face-off versus Martin Necas in ANAHEIM Ducks zone.
6:26 of 1st period - Brett Pesce is hit by Martin Necas and loses puck.
6:33 of 1st period - Shot by Robert Thomas.
6:33 of 1st period - Deflect By Kevin Fiala.
6:33 of 1st period - Stopped by Philipp Grubauer without a rebound.
6:34 of 1st period - Elias Lindholm wins face-off versus J.T. Miller in ANAHEIM Ducks zone.
6:51 of 1st period - Shot by Nikita Kucherov.
6:51 of 1st period - Shot Misses the Net.
6:53 of 1st period - Shot by J.T. Miller.
6:53 of 1st period - Stopped by Philipp Grubauer with a rebound.
7:41 of 1st period - Morgan Rielly is hit by Nathan MacKinnon and loses puck.
8:36 of 1st period - Shot by Jeff Carter.
8:36 of 1st period - Stopped by Ilya Samsonov without a rebound.
8:37 of 1st period - Nic Dowd wins face-off versus Anton Lundell in MINNESOTA Wild zone.
8:37 of 1st period - Ryan Lindgren is hit by Alex Pietrangelo and loses puck.
8:47 of 1st period - Icing by Mattias Ekholm.
8:48 of 1st period - Anton Lundell wins face-off versus David Kampf in MINNESOTA Wild zone.
8:48 of 1st period - Anton Lundell is hit by David Kampf.
9:30 of 1st period - Anton Lundell is hit by Ryan Lindgren and loses puck.
9:47 of 1st period - Morgan Rielly is hit by Warren Foegele and loses puck.
9:58 of 1st period - Shot by Nikita Kucherov.
9:58 of 1st period - Shot Misses the Net.
10:00 of 1st period - Shot by Alexandre Carrier.
10:00 of 1st period - Shot Blocked by Ryan Lindgren.
10:02 of 1st period - Shot by Tyler Toffoli.
10:02 of 1st period - Shot Misses the Net.
11:14 of 1st period - Shot by Brayden Point.
11:14 of 1st period - Shot Misses the Net.
11:16 of 1st period - Shot by Nick Paul.
11:16 of 1st period - Shot Misses the Net.
11:25 of 1st period - Icing by Zach Werenski.
11:26 of 1st period - Robert Thomas wins face-off versus Elias Lindholm in MINNESOTA Wild zone.
11:41 of 1st period - Shot by Elias Lindholm.
11:41 of 1st period - Stopped by Ilya Samsonov without a rebound.
11:42 of 1st period - Nic Dowd wins face-off versus J.T. Miller in MINNESOTA Wild zone.
11:42 of 1st period - Nic Dowd is hit by Mattias Ekholm.
11:59 of 1st period - Icing by Justin Holl.
12:00 of 1st period - Trevor Moore wins face-off versus Nic Dowd in ANAHEIM Ducks zone.
12:00 of 1st period - Morgan Rielly is hit by Justin Holl and loses puck.
12:12 of 1st period - Justin Holl is hit by Alexandre Carrier and loses puck.
12:29 of 1st period - Minor Penalty to Morgan Rielly for Roughing.
12:30 of 1st period - J.T. Miller wins face-off versus Brayden Point in MINNESOTA Wild zone.
12:36 of 1st period - Icing by Nick Paul.
12:37 of 1st period - J.T. Miller wins face-off versus Brayden Point in ANAHEIM Ducks zone.
13:10 of 1st period - Shot by Brett Pesce.
13:10 of 1st period - Shot Misses the Net.
15:38 of 1st period - Off-side.
15:39 of 1st period - Robert Thomas wins face-off versus Brayden Point in neutral zone.
15:49 of 1st period - Minor Penalty to Justin Holl for Tripping.
15:50 of 1st period - J.T. Miller wins face-off versus Elias Lindholm in ANAHEIM Ducks zone.
15:50 of 1st period - Nikita Kucherov is hit by Brett Pesce and loses puck.
15:59 of 1st period - Shot by Alex Pietrangelo.
15:59 of 1st period - Stopped by Philipp Grubauer without a rebound.
16:00 of 1st period - J.T. Miller wins face-off versus Elias Lindholm in ANAHEIM Ducks zone.
16:09 of 1st period - Shot by Mattias Ekholm.
16:09 of 1st period - Stopped by Philipp Grubauer with a rebound.
16:11 of 1st period - Shot by Tyler Toffoli.
16:11 of 1st period - Deflect By Nikita Kucherov.
16:11 of 1st period - Stopped by Philipp Grubauer without a rebound.
16:12 of 1st period - Robert Thomas wins face-off versus Elias Lindholm in ANAHEIM Ducks zone.
16:22 of 1st period - Martin Necas is hit by Brett Pesce and loses puck.
17:23 of 1st period - Shot by Nikita Kucherov.
17:23 of 1st period - Shot Misses the Net.
17:25 of 1st period - Shot by Morgan Rielly.
17:25 of 1st period - Shot Blocked by David Kampf.
17:46 of 1st period - Shot by Alexandre Carrier.
17:46 of 1st period - Stopped by Philipp Grubauer without a rebound.
17:47 of 1st period - J.T. Miller wins face-off versus Elias Lindholm in ANAHEIM Ducks zone.
17:47 of 1st period - Alex Pietrangelo is hit by MacKenzie Weegar.
17:50 of 1st period - Icing by MacKenzie Weegar.
17:51 of 1st period - Brayden Point wins face-off versus Yanni Gourde in ANAHEIM Ducks zone.
19:29 of 1st period - Shot by Nikita Kucherov.
19:29 of 1st period - Shot Misses the Net.
19:43 of 1st period - Shot by Nikita Kucherov.
19:43 of 1st period - Stopped by Philipp Grubauer without a rebound.
19:44 of 1st period - David Kampf wins face-off versus Robert Thomas in ANAHEIM Ducks zone.
Goals for this period are 0 for ANAHEIM Ducks vs 0 for MINNESOTA Wild.
Shots for this period are 4 for ANAHEIM Ducks vs 10 for MINNESOTA Wild.

2nd period


0:01 of 2nd period - Chandler Stephenson wins face-off versus J.T. Miller in neutral zone.
0:30 of 2nd period - Shot by J.T. Miller.
0:30 of 2nd period - Shot Blocked by MacKenzie Weegar.
0:36 of 2nd period - Shot by Elias Lindholm.
0:36 of 2nd period - Stopped by Ilya Samsonov with a rebound.
0:38 of 2nd period - Shot by Chandler Stephenson.
0:38 of 2nd period - Shot Blocked by Alex Pietrangelo.
0:54 of 2nd period - Shot by Brayden Point.
0:54 of 2nd period - Stopped by Ilya Samsonov without a rebound.
0:55 of 2nd period - Robert Thomas wins face-off versus Brayden Point in MINNESOTA Wild zone.
1:23 of 2nd period - Kevin Fiala is hit by Ryan Lindgren and loses puck.
1:31 of 2nd period - Kevin Fiala is hit by Mark Giordano.
2:06 of 2nd period - Jeff Carter is hit by Zach Werenski and loses puck.
2:07 of 2nd period - Minor Penalty to Caleb Jones for Roughing.
2:08 of 2nd period - Chandler Stephenson wins face-off versus J.T. Miller in MINNESOTA Wild zone.
3:11 of 2nd period - Shot by Mark Giordano.
3:11 of 2nd period - Deflect By Brayden Point.
3:11 of 2nd period - Stopped by Ilya Samsonov without a rebound.
3:12 of 2nd period - J.T. Miller wins face-off versus Brayden Point in MINNESOTA Wild zone.
4:17 of 2nd period - Shot by Denis Malgin.
4:17 of 2nd period - Deflect By Anton Lundell.
4:17 of 2nd period - Goal by Anton Lundell - ANAHEIM Ducks : 0 - MINNESOTA Wild : 1.
4:18 of 2nd period - Kevin Fiala wins face-off versus Nic Dowd in neutral zone.
4:23 of 2nd period - Shot by Caleb Jones.
4:23 of 2nd period - Shot Misses the Net.
4:25 of 2nd period - Shot by Caleb Jones.
4:25 of 2nd period - Shot Misses the Net.
4:31 of 2nd period - Shot by Martin Necas.
4:31 of 2nd period - Stopped by Philipp Grubauer without a rebound.
4:32 of 2nd period - David Kampf wins face-off versus Anton Lundell in ANAHEIM Ducks zone.
5:27 of 2nd period - Shot by Nikita Kucherov.
5:27 of 2nd period - Stopped by Philipp Grubauer without a rebound.
5:28 of 2nd period - Elias Lindholm wins face-off versus J.T. Miller in ANAHEIM Ducks zone.
5:35 of 2nd period - Shot by Chandler Stephenson.
5:35 of 2nd period - Shot Misses the Net.
6:37 of 2nd period - Shot by Kevin Fiala.
6:37 of 2nd period - Shot Misses the Net.
8:18 of 2nd period - Off-side.
8:19 of 2nd period - David Kampf wins face-off versus J.T. Miller in neutral zone.
8:41 of 2nd period - Minor Penalty to Seth Jones for High sticking.
8:42 of 2nd period - David Kampf wins face-off versus Robert Thomas in ANAHEIM Ducks zone.
9:05 of 2nd period - Shot by Robert Thomas.
9:05 of 2nd period - Stopped by Philipp Grubauer with a rebound.
10:18 of 2nd period - Shot by J.T. Miller.
10:18 of 2nd period - Deflect By Tyler Toffoli.
10:18 of 2nd period - Shot Misses the Net.
10:47 of 2nd period - Minor Penalty to Caleb Jones for Hooking.
10:48 of 2nd period - J.T. Miller wins face-off versus Nick Paul in MINNESOTA Wild zone.
11:07 of 2nd period - Shot by MacKenzie Weegar.
11:07 of 2nd period - Deflect By Nathan MacKinnon.
11:07 of 2nd period - Goal by Nathan MacKinnon - ANAHEIM Ducks : 1 - MINNESOTA Wild : 1.
11:08 of 2nd period - Anton Lundell wins face-off versus Nic Dowd in neutral zone.
11:35 of 2nd period - Shot by Nic Dowd.
11:35 of 2nd period - Stopped by Ilya Samsonov without a rebound.
11:36 of 2nd period - Robert Thomas wins face-off versus Brayden Point in MINNESOTA Wild zone.
12:02 of 2nd period - Minor Penalty to Martin Necas for Roughing.
12:03 of 2nd period - J.T. Miller wins face-off versus Elias Lindholm in MINNESOTA Wild zone.
12:30 of 2nd period - Shot by Joel Farabee.
12:30 of 2nd period - Goal by Joel Farabee - ANAHEIM Ducks : 2 - MINNESOTA Wild : 1.
12:31 of 2nd period - Brayden Point wins face-off versus Robert Thomas in neutral zone.
12:49 of 2nd period - Icing by Mattias Ekholm.
12:50 of 2nd period - Robert Thomas wins face-off versus Joel Farabee in MINNESOTA Wild zone.
13:01 of 2nd period - Shot by Robert Thomas.
13:01 of 2nd period - Shot Misses the Net.
13:03 of 2nd period - Shot by Alex Pietrangelo.
13:03 of 2nd period - Shot Blocked by Ryan Lindgren.
13:05 of 2nd period - Shot by Mattias Ekholm.
13:05 of 2nd period - Shot Misses the Net.
13:07 of 2nd period - Shot by Martin Necas.
13:07 of 2nd period - Stopped by Philipp Grubauer without a rebound.
13:08 of 2nd period - J.T. Miller wins face-off versus Brayden Point in ANAHEIM Ducks zone.
13:39 of 2nd period - Shot by Nick Paul.
13:39 of 2nd period - Shot Blocked by Morgan Rielly.
14:24 of 2nd period - Icing by Mark Giordano.
14:25 of 2nd period - Elias Lindholm wins face-off versus Robert Thomas in ANAHEIM Ducks zone.
14:39 of 2nd period - Shot by Robert Thomas.
14:39 of 2nd period - Shot Blocked by Elias Lindholm.
14:41 of 2nd period - Shot by Mattias Ekholm.
14:41 of 2nd period - Stopped by Philipp Grubauer without a rebound.
14:42 of 2nd period - Yanni Gourde wins face-off versus David Kampf in ANAHEIM Ducks zone.
14:51 of 2nd period - Shot by Trevor Moore.
14:51 of 2nd period - Stopped by Philipp Grubauer with a rebound.
15:14 of 2nd period - Warren Foegele is hit by Caleb Jones and loses puck.
15:49 of 2nd period - Shot by Elias Lindholm.
15:49 of 2nd period - Shot Misses the Net.
15:53 of 2nd period - Shot by Chandler Stephenson.
15:53 of 2nd period - Goal by Chandler Stephenson - ANAHEIM Ducks : 3 - MINNESOTA Wild : 1.
15:54 of 2nd period - Brayden Point wins face-off versus J.T. Miller in neutral zone.
16:11 of 2nd period - Shot by Brayden Point.
16:11 of 2nd period - Shot Misses the Net.
16:13 of 2nd period - Shot by Brayden Point.
16:13 of 2nd period - Stopped by Ilya Samsonov without a rebound.
16:14 of 2nd period - Robert Thomas wins face-off versus Elias Lindholm in MINNESOTA Wild zone.
16:16 of 2nd period - Icing by Kevin Fiala.
16:17 of 2nd period - Robert Thomas wins face-off versus Brayden Point in MINNESOTA Wild zone.
16:17 of 2nd period - Robert Thomas is hit by Nathan MacKinnon.
16:25 of 2nd period - Shot by Robert Thomas.
16:25 of 2nd period - Stopped by Philipp Grubauer with a rebound.
16:34 of 2nd period - Minor Penalty to MacKenzie Weegar for Slashing.
16:35 of 2nd period - Elias Lindholm wins face-off versus J.T. Miller in ANAHEIM Ducks zone.
18:13 of 2nd period - Shot by Kevin Fiala.
18:13 of 2nd period - Stopped by Philipp Grubauer without a rebound.
18:14 of 2nd period - J.T. Miller wins face-off versus Elias Lindholm in ANAHEIM Ducks zone.
18:47 of 2nd period - Shot by Yanni Gourde.
18:47 of 2nd period - Stopped by Philipp Grubauer without a rebound.
18:48 of 2nd period - Anton Lundell wins face-off versus David Kampf in ANAHEIM Ducks zone.
19:12 of 2nd period - Off-side.
19:13 of 2nd period - Nick Paul wins face-off versus Robert Thomas in neutral zone.
19:20 of 2nd period - Icing by Robert Thomas.
19:21 of 2nd period - Robert Thomas wins face-off versus Brayden Point in MINNESOTA Wild zone.
19:33 of 2nd period - Icing by Nick Paul.
19:34 of 2nd period - Brayden Point wins face-off versus J.T. Miller in ANAHEIM Ducks zone.
19:41 of 2nd period - Shot by Tyler Toffoli.
19:41 of 2nd period - Shot Misses the Net.
19:47 of 2nd period - Shot by Nikita Kucherov.
19:47 of 2nd period - Shot Blocked by Ryan Lindgren.
Goals for this period are 3 for ANAHEIM Ducks vs 1 for MINNESOTA Wild.
Shots for this period are 8 for ANAHEIM Ducks vs 10 for MINNESOTA Wild.

3rd period


0:01 of 3rd period - J.T. Miller wins face-off versus Elias Lindholm in neutral zone.
0:01 of 3rd period - Alex Pietrangelo is hit by Elias Lindholm.
0:16 of 3rd period - Minor Penalty to MacKenzie Weegar for Tripping.
0:17 of 3rd period - Elias Lindholm wins face-off versus Robert Thomas in ANAHEIM Ducks zone.
0:17 of 3rd period - Brett Pesce is hit by Kevin Fiala and loses puck.
0:44 of 3rd period - Shot by Martin Necas.
0:44 of 3rd period - Shot Misses the Net.
0:52 of 3rd period - Shot by Alexandre Carrier.
0:52 of 3rd period - Shot Blocked by Ryan Lindgren.
0:54 of 3rd period - Shot by Martin Necas.
0:54 of 3rd period - Goal by Martin Necas - ANAHEIM Ducks : 3 - MINNESOTA Wild : 2.
0:55 of 3rd period - J.T. Miller wins face-off versus Brayden Point in neutral zone.
1:03 of 3rd period - Off-side.
1:04 of 3rd period - Brayden Point wins face-off versus J.T. Miller in neutral zone.
1:09 of 3rd period - Shot by Nick Paul.
1:09 of 3rd period - Shot Misses the Net.
1:11 of 3rd period - Shot by Justin Holl.
1:11 of 3rd period - Stopped by Ilya Samsonov without a rebound.
1:12 of 3rd period - J.T. Miller wins face-off versus Brayden Point in MINNESOTA Wild zone.
1:12 of 3rd period - J.T. Miller is hit by Nathan MacKinnon.
1:15 of 3rd period - Icing by Tyler Toffoli.
1:16 of 3rd period - Elias Lindholm wins face-off versus Tyler Toffoli in MINNESOTA Wild zone.
1:21 of 3rd period - Shot by Elias Lindholm.
1:21 of 3rd period - Shot Misses the Net.
1:33 of 3rd period - Shot by Elias Lindholm.
1:33 of 3rd period - Shot Misses the Net.
2:09 of 3rd period - Off-side.
2:10 of 3rd period - Robert Thomas wins face-off versus Brayden Point in neutral zone.
2:20 of 3rd period - Nathan MacKinnon is hit by Morgan Rielly and loses puck.
2:45 of 3rd period - Shot by Kevin Fiala.
2:45 of 3rd period - Shot Hit the Post.
3:36 of 3rd period - Icing by Seth Jones.
3:37 of 3rd period - David Kampf wins face-off versus J.T. Miller in ANAHEIM Ducks zone.
3:37 of 3rd period - Seth Jones is hit by Tyler Toffoli and loses puck.
3:47 of 3rd period - Minor Penalty to Mattias Ekholm for Interference.
3:48 of 3rd period - Elias Lindholm wins face-off versus Yanni Gourde in MINNESOTA Wild zone.
4:50 of 3rd period - Icing by Brett Pesce.
4:51 of 3rd period - Brayden Point wins face-off versus J.T. Miller in ANAHEIM Ducks zone.
5:02 of 3rd period - Shot by Nathan MacKinnon.
5:02 of 3rd period - Shot Misses the Net.
5:11 of 3rd period - Icing by Nathan MacKinnon.
5:12 of 3rd period - Brayden Point wins face-off versus Anton Lundell in ANAHEIM Ducks zone.
5:53 of 3rd period - Justin Holl is hit by Kevin Fiala and loses puck.
6:10 of 3rd period - Icing by Martin Necas.
6:11 of 3rd period - David Kampf wins face-off versus Robert Thomas in MINNESOTA Wild zone.
6:25 of 3rd period - Shot by Robert Thomas.
6:25 of 3rd period - Stopped by Philipp Grubauer with a rebound.
7:11 of 3rd period - Icing by Chandler Stephenson.
7:12 of 3rd period - Elias Lindholm wins face-off versus Yanni Gourde in ANAHEIM Ducks zone.
7:18 of 3rd period - Chandler Stephenson is hit by Morgan Rielly and loses puck.
7:51 of 3rd period - Shot by Chandler Stephenson.
7:51 of 3rd period - Goal by Chandler Stephenson - ANAHEIM Ducks : 4 - MINNESOTA Wild : 2.
7:52 of 3rd period - Brayden Point wins face-off versus J.T. Miller in neutral zone.
7:54 of 3rd period - Off-side.
7:55 of 3rd period - J.T. Miller wins face-off versus Nick Paul in neutral zone.
8:07 of 3rd period - Off-side.
8:08 of 3rd period - Robert Thomas wins face-off versus Nic Dowd in neutral zone.
8:46 of 3rd period - Minor Penalty to Martin Necas for Tripping.
8:47 of 3rd period - Brayden Point wins face-off versus J.T. Miller in MINNESOTA Wild zone.
9:04 of 3rd period - Shot by Nick Paul.
9:04 of 3rd period - Shot Misses the Net.
9:10 of 3rd period - Shot by MacKenzie Weegar.
9:10 of 3rd period - Stopped by Ilya Samsonov without a rebound.
9:11 of 3rd period - J.T. Miller wins face-off versus Joel Farabee in MINNESOTA Wild zone.
10:53 of 3rd period - Shot by Martin Necas.
10:53 of 3rd period - Shot Misses the Net.
11:13 of 3rd period - Shot by Robert Thomas.
11:13 of 3rd period - Shot Misses the Net.
11:21 of 3rd period - Shot by Robert Thomas.
11:21 of 3rd period - Shot Misses the Net.
12:52 of 3rd period - Shot by Brayden Point.
12:52 of 3rd period - Shot Misses the Net.
12:58 of 3rd period - Shot by Brayden Point.
12:58 of 3rd period - Shot Misses the Net.
13:12 of 3rd period - Shot by Brayden Point.
13:12 of 3rd period - Stopped by Ilya Samsonov without a rebound.
13:13 of 3rd period - Martin Necas wins face-off versus Elias Lindholm in MINNESOTA Wild zone.
13:17 of 3rd period - Off-side.
13:18 of 3rd period - Elias Lindholm wins face-off versus Robert Thomas in neutral zone.
13:20 of 3rd period - Brett Pesce is hit by Alex Pietrangelo and loses puck.
13:34 of 3rd period - Icing by Mattias Ekholm.
13:35 of 3rd period - Robert Thomas wins face-off versus David Kampf in MINNESOTA Wild zone.
14:00 of 3rd period - Shot by Robert Thomas.
14:00 of 3rd period - Stopped by Philipp Grubauer without a rebound.
14:00 of 3rd period - Minor Penalty to Seth Jones for Roughing.
14:01 of 3rd period - Elias Lindholm wins face-off versus J.T. Miller in ANAHEIM Ducks zone.
14:19 of 3rd period - Icing by Tyler Toffoli.
14:20 of 3rd period - J.T. Miller wins face-off versus Elias Lindholm in MINNESOTA Wild zone.
14:45 of 3rd period - Shot by Morgan Rielly.
14:45 of 3rd period - Stopped by Philipp Grubauer without a rebound.
14:46 of 3rd period - Elias Lindholm wins face-off versus Robert Thomas in ANAHEIM Ducks zone.
15:03 of 3rd period - Shot by Alex Pietrangelo.
15:03 of 3rd period - Shot Misses the Net.
15:05 of 3rd period - Shot by Kevin Fiala.
15:05 of 3rd period - Shot Misses the Net.
18:06 of 3rd period - Tyler Toffoli is hit by Ryan Lindgren.
18:08 of 3rd period - Shot by J.T. Miller.
18:08 of 3rd period - Stopped by Philipp Grubauer without a rebound.
18:09 of 3rd period - Robert Thomas wins face-off versus Elias Lindholm in ANAHEIM Ducks zone.
18:43 of 3rd period - Shot by Robert Thomas.
18:43 of 3rd period - Stopped by Philipp Grubauer with a rebound.
19:14 of 3rd period - Minor Penalty to Alexandre Carrier for Tripping.
19:15 of 3rd period - Brayden Point wins face-off versus J.T. Miller in MINNESOTA Wild zone.
19:20 of 3rd period - Shot by Nathan MacKinnon.
19:20 of 3rd period - Shot Misses the Net.
19:22 of 3rd period - Shot by Seth Jones.
19:22 of 3rd period - Shot Blocked by Zach Werenski.
19:24 of 3rd period - Shot by MacKenzie Weegar.
19:24 of 3rd period - Stopped by Ilya Samsonov with a rebound.
19:26 of 3rd period - Shot by MacKenzie Weegar.
19:26 of 3rd period - Shot Misses the Net.
19:28 of 3rd period - Shot by Brayden Point.
19:28 of 3rd period - Stopped by Ilya Samsonov without a rebound.
19:29 of 3rd period - J.T. Miller wins face-off versus Elias Lindholm in MINNESOTA Wild zone.
19:29 of 3rd period - J.T. Miller is hit by Chandler Stephenson.
19:39 of 3rd period - Shot by MacKenzie Weegar.
19:39 of 3rd period - Stopped by Ilya Samsonov with a rebound.
19:41 of 3rd period - Shot by MacKenzie Weegar.
19:41 of 3rd period - Stopped by Ilya Samsonov with a rebound.
19:43 of 3rd period - Shot by MacKenzie Weegar.
19:43 of 3rd period - Stopped by Ilya Samsonov without a rebound.
19:44 of 3rd period - Brayden Point wins face-off versus J.T. Miller in MINNESOTA Wild zone.
Goals for this period are 1 for ANAHEIM Ducks vs 1 for MINNESOTA Wild.
Shots for this period are 9 for ANAHEIM Ducks vs 6 for MINNESOTA Wild. Output by the SimonT Hockey Simulator (STHS) for Martin Benoit - Original Page W3C HTML5 Valid
Hockey Simulator - Hockey Simulation - Hockey Manager